 Dungeon Crawl Stone Soup version 0.31-a0-162-gc4c5a43528 (webtiles) character file.

Game seed: 1481378458663587706

29 qw the Shield-Bearer (level 3, -2/23 HPs)
             Began as a Gargoyle Fighter on June 12, 2023.
             Slain by a worm (8 damage)
             ... on level 2 of the Dungeon.
             The game lasted 00:00:28 (639 turns).

qw the Shield-Bearer (Gargoyle Fighter)              Turns: 639, Time: 00:00:29

Health: -2/23      AC: 10    Str: 21    XL:     3   Next: 16%
Magic:  3/3        EV:  9    Int:  8    God:
Gold:   27         SH:  4    Dex:  9    Spells: 2/2 levels left

rFire   . . .        Y - +0 war axe
rCold   . . .        c - +0 buckler
rNeg    + . .        b - +0 scale mail
rPois   inf          (no helmet)
rElec   +            (no cloak)
rCorr   .            (no gloves)
SInv    .            (no boots)
Will    .....        (no amulet) Stlth
                     (no ring)
HPRegen 0.23/turn    (no ring)
MPRegen 0.08/turn

%: no passive effects
@: no status effects
A: sickness immunity, AC +3, negative energy resistance 1, electricity
resistance, torment resistance 1, petrification resistance
a: no special abilities


You were on level 2 of the Dungeon.
You visited 1 branch of the dungeon, and saw 2 of its levels.

You collected 27 gold pieces.


Innate Abilities, Weirdness & Mutations

You are immune to sickness and miasma.
Your stone body is resilient. (AC +3)
You are immune to poison.
You resist negative energy. (rN+)
You are resistant to electric shocks. (rElec)
You are resistant to unholy torment.
You are immune to petrification.


   Skills:
 - Level 3.2 Fighting
 + Level 3.2 Axes
 - Level 3.2 Armour
 - Level 3.2 Shields


You had 2 spell levels left.
You didn't know any spells.
Your spell library was empty.

Inventory:

Hand Weapons
 e - a +0 club
 Y - a +0 war axe (weapon)
Armour
 b - a +0 scale mail (worn)
 c - a +0 buckler (worn)
Potions
 d - 2 potions of might

Dungeon Overview and Level Annotations

Branches:
Dungeon (2/15)

Altars:


Message History

What level of the Dungeon? (default 1, ? - help)
Things that are here:
a +0 club; a +0 dagger
There is a stone staircase leading down here.
You climb downwards.
The hobgoblin shouts!
Found 6 gold pieces.
Found an escape hatch in the floor.
Found a stone staircase leading up and a stone staircase leading down.
There is a stone staircase leading up here.
A hobgoblin is nearby!
Waypoint 1 assigned to D:2.
You hit the hobgoblin.
You kill the hobgoblin!
You now have 27 gold pieces (gained 6).
There is an escape hatch in the floor here.
A ball python comes into view.
The ball python hisses angrily.
You feel your willpower return.
You slash the ball python!
You kill the ball python!
You see here a ball python corpse.
A worm comes into view.
You block the worm's attack.
You barely miss the worm. You barely miss the worm.
The worm bites you but does no damage.
You hit the worm.
The worm is lightly wounded.
The worm bites you!
You barely miss the worm.
The worm is lightly wounded.
The worm barely misses you.
You barely miss the worm.
The worm is lightly wounded.
The worm bites you!
You barely miss the worm. The worm bites you.
You barely miss the worm. The worm bites you!
You die...

### #... #...
############ #....
#.........># #....#
#..........#
#.....###.......%<.#
#....w@.......<....####
#....##%#..............
#... #............####
#.. ##...........# ##
##.>........#
#.########## #.# #.#
#..


You could see a worm.

Vanquished Creatures
  3 ball pythons
  2 endoplasms (D:1)
  3 goblins (D:1)
  3 hobgoblins
  2 quokkas (D:1)
  3 bats (D:1)
  3 frilled lizards (D:1)
  4 kobolds (D:1)
  4 rats (D:1)
27 creatures vanquished.

Notes
Turn   | Place    | Note
-------+----------+-------------------------------------------
     0 | D:1      | qw the Gargoyle Fighter began the quest for the Orb.
     0 | D:1      | Reached XP level 1. HP: 14/14 MP: 1/1
     0 | D:1      | 0 ||| qw: Version: 0.2-a-29-gc1b59c4
     0 | D:1      | 0 ||| qw: Game counter: 4402
     0 | D:1      | 0 ||| qw: Always use a shield: true
     0 | D:1      | 0 ||| qw: God list: Okawaru
     0 | D:1      | 0 ||| qw: Allow faded altars: false
     0 | D:1      | 0 ||| qw: Do Orc after D:15 true
     0 | D:1      | 0 ||| qw: Do second Lair branch before Depths: true
     0 | D:1      | 0 ||| qw: Lair rune preference: random
     0 | D:1      | 0 ||| qw: Plans: Normal, Zot:1-4, Slime:5, God:TSO, Crypt,
                  | Tomb, Abyss, Pan, Hells, Win
     0 | D:1      | 0 ||| PLANNING D:1-11
    74 | D:1      | Reached XP level 2. HP: 19/19 MP: 2/2
   135 | D:1      | 135 ||| Stepping ~*~*~tactically~*~*~ (hiding).
   136 | D:1      | 136 ||| Stepping ~*~*~tactically~*~*~ (hiding).
   137 | D:1      | 137 ||| Stepping ~*~*~tactically~*~*~ (hiding).
   261 | D:1      | Reached skill level 3 in Axes
   374 | D:1      | Reached XP level 3. HP: 23/23 MP: 3/3
   577 | D:1      | 577 ||| READING scroll labelled MIELUMN JASA.
   578 | D:1      | 578 ||| READING 2 scrolls labelled SOESAGAUNU.
   579 | D:1      | 579 ||| READING scroll labelled EPTUGO COUCUXY.
   580 | D:1      | 580 ||| DROPPING scroll of vulnerability.
   639 | D:2      | Slain by a worm

Levels and vault maps discovered:
D:1:      minmay_arrival_four_houses, layout_basic
D:2:      layout_rooms

Skill      XL: |  1  2 |
---------------+-------+-----
Axes           | 2 3 |  3.2
Fighting       | |  3.2
Armour         | |  3.2
Shields        | |  3.2

Action                     || total
---------------------------++-------
  Melee: War axe           ||    68
    Use: Scroll            ||     3
 Armour: Scale mail        ||    31
  Dodge: Dodged            ||    24
  Block: Buckler           ||    14

Table legend:
 A = Non-vault XP
 B = Vault XP
 C = Vault XP percentage of total XP
 D = Non-vault monster count
 E = Vault monster count
 F = Vault count percentage of total count
                 A         B        C        D         E       F
            +---------+---------+-------+---------+---------+-------
      Total |      42 |       0 |   0.0 |      27 |       0 |   0.0
            +---------+---------+-------+---------+---------+-------
        D:1 |      39 |       0 |   0.0 |      25 |       0 |   0.0
        D:2 |       3 |       0 |   0.0 |       2 |       0 |   0.0
            +---------+---------+-------+---------+---------+-------
